 Dungeon Crawl Stone Soup version 0.15-a0-1264-gd2883c7 (webtiles) character file.

153 zercules the Skirmisher (level 5, -9/34 HPs)
             Began as a Gargoyle Fighter on June 5, 2014.
             Killed by divine providence
             ... invoked by an orc priest
              (14 damage)
             ... on Level 3 of the Dungeon.
             The game lasted 00:07:25 (2399 turns).

zercules the Skirmisher (Gargoyle Fighter)          Turns: 2399, Time: 00:07:27

HP  -9/34        AC 11     Str 20      XL: 5   Next: 35%
MP   5/5         EV  6     Int  9      God:
Gold 92          SH  9     Dex  9      Spells:  0 memorised,  4 levels left

rFire  . . .     SeeInvis .     a - +0 flail
rCold  . . .     Clarity  .     b - +0 scale mail
rNeg   + . .     rCorr    .     c - +0 shield
rPois  +         rRot     +     (no helmet)
rElec  +         Spirit   .     (no cloak)
SustAb .         Warding  .     (no gloves)
rMut   .         Stasis   .     (no boots)
Gourm  .                        (no amulet)
MR     .....                    (no ring)
                                (no ring)

@: not resistant to hostile enchantments, extremely unstealthy
A: life protection 1, electricity resistance, unbreathing, petrification
resistance, rot immunity, AC +4
a: no special abilities


You were on level 3 of the Dungeon.
You were not hungry.

You visited 1 branch of the dungeon, and saw 3 of its levels.

You collected 92 gold pieces.

Inventory:

Hand weapons
 a - a +0,+0 flail (weapon)
Armour
 b - a +0 scale mail (worn)
 c - a +0 shield (worn)
Comestibles
 d - 2 bread rations
 g - 5 fruits
 o - 2 chunks of goblin flesh
Scrolls
 f - a scroll of enchant armour {unknown}
 h - 5 scrolls of identify {unknown}
 i - a scroll of random uselessness {unknown}
 k - a scroll of fog {unknown}
 l - 2 scrolls of amnesia {unknown}
Jewellery
 q - an uncursed amulet of stasis {unknown}
Potions
 e - a potion of might
 j - 2 potions of curing {unknown}
 m - a potion of brilliance {unknown}
 n - a potion of lignification {unknown}
 p - a potion of degeneration {unknown}


   Skills:
 + Level 4.3 Fighting
 + Level 3.1 Maces & Flails
 + Level 4.2 Armour
 + Level 4.1 Shields


You had 4 spell levels left.
You didn't know any spells.

Dungeon Overview and Level Annotations

Branches:
Dungeon (3/15)

Altars:
Xom


Innate Abilities, Weirdness & Mutations

You are resistant to torment.
You are immune to poison.
Your stone body is very resilient (AC +4).
You resist negative energy.
You are resistant to electric shocks.
You can survive without breathing.
You are immune to petrification.
You are immune to rotting.


Message History

Damage: -8%(-3hp) hp: 92%(31hp) Unknown command.
You hit the orc warrior.
The orc warrior is lightly wounded.
The orc warrior hits you with a short sword.
Damage: -18%(-6hp) hp: 74%(25hp)
You hit the orc warrior.
The orc warrior is moderately wounded.
The orc warrior hits you with a short sword!
The orc warrior hits you with a short sword.
An orc priest comes into view. It is wielding a club.
Huge Dmg: -32%(-11hp) hp: 42%(14hp)
You hit the orc warrior.
The orc warrior is heavily wounded.
You block the orc warrior's attack.
The orc warrior hits you with a short sword!
* * * LOW HITPOINT WARNING * * *
The orc priest mumbles some strange prayers to Beogh against you.
Something smites you!
You die...

### #.# #.#
##.## ... #.#
#############.#
#..(.@oo......##
##
#.#######o.....#
.#
...........#.##
##.#
.######o#.#.##
#<.# ....o.....#
#..# .o...#.#.##
#..o.#
o.####...#.#
##..... #..##.#
#.#.#o.. #..##.#


You could see an orc warrior, an orc priest and an orc.

Vanquished Creatures
  3 gnolls (D:2)
  6 adders (D:2)
  4 worms (D:2)
  2 giant geckos (D:2)
  3 oozes (D:2)
  5 bats
  3 goblins
  8 hobgoblins
  2 giant newts (D:1)
  6 kobolds
  10 rats
52 creatures vanquished.

Notes
Turn   | Place    | Note
--------------------------------------------------------------
     0 | D:1      | zercules, the Gargoyle Fighter, began the quest for the Orb.
     0 | D:1      | Reached XP level 1. HP: 14/14 MP: 1/1
   138 | D:1      | Reached XP level 2. HP: 17/19 MP: 2/2
   834 | D:2      | Reached XP level 3. HP: 22/24 MP: 3/3
   949 | D:2      | Huge Dmg: 5 dmg
  1061 | D:2      | Found a shimmering altar of Xom.
  1144 | D:2      | Reached skill level 4 in Fighting
  1144 | D:2      | Reached XP level 4. HP: 26/29 MP: 4/4
  1629 | D:2      | Reached XP level 5. HP: 31/33 MP: 5/5
  2286 | D:3      | Noticed an orc warrior
  2287 | D:3      | Huge Dmg: 9 dmg
  2394 | D:3      | Huge Dmg: 11 dmg
  2399 | D:3      | Killed from afar by an orc priest

Action                   |  1- 3 |  4- 6 || total
-------------------------+-------+-------++-------
Melee: Flail             |   110 |   106 ||   216
